 Dungeon Sprint DCSS version 0.29.1-12-g30fa7ad0bf (webtiles) character file.

Game seed: 16407260253887822225

7 Groucho the Sneak (level 1, -4/9 HPs)
             Began as a Spriggan Enchanter on Jan 4, 2023.
             Slain by a wyvern (13 damage)
             ... in the Dungeon (Sprint II: "The Violet Keep of Menkaure").
             The game lasted 00:00:31 (27 turns).

Groucho the Sneak (Spriggan Enchanter)                Turns: 27, Time: 00:00:32

Health: -4/9       AC:  2    Str:  4    XL:     1   Next: 83%
Magic:  5/5        EV: 17    Int: 16    God:
Gold:   243        SH:  0    Dex: 15    Spells: 6/6 levels left

rFire   . . .      SeeInvis +   a - +1 dagger
rCold   . . .      Faith    .   (no shield)
rNeg    . . .      Spirit   .   b - +0 robe
rPois   .          Reflect  .   (helmet restricted)
rElec   .          Harm     .   (no cloak)
rCorr   .          Rampage  .   (gloves unavailable)
Will    .....      NoTele   +   (boots unavailable)
Stlth   +++.......              (no amulet)
HPRegen 0.03/turn               (no ring)
MPRegen 0.09/turn               (no ring)

@: hasted, invisible, very quick
A: very small, no large weapons, unfitting armour, see invisible, speed 3
a: no special abilities


You were in the Dungeon.
You visited 1 branch You collected 243 gold pieces.

Inventory:

Hand Weapons
 a - a +1 dagger (weapon)
Armour
 b - a +0 robe (worn)
Scrolls
 i - a scroll of blinking
Potions
 c - a potion of invisibility
 d - a potion of curing
 e - a potion of heal wounds
 g - 2 potions of magic
 h - a potion of berserk rage


   Skills:
 + Level 2.0 Short Blades
 - Level 2.6 Dodging
 * Level 5.8 Stealth
 + Level 3.3 Spellcasting
 + Level 4.1 Hexes


You had 6 spell levels left.
You didn't know any spells.
Your spell library contained the following spells:

 Spells                   Type           Power      Damage    Failure   Level
 Confusing Touch          Hex            16%        N/A       10%         3
 Tukima's Dance           Hex            16%        N/A       10%         3
 Ensorcelled Hibernation  Hex/Ice        18%        N/A       12%         2
 Dazzling Flash           Conj/Hex       18%        N/A       22%         3


Dungeon Overview and Level Annotations

Branches:
Dungeon (1/1)

Altars:


Innate Abilities, Weirdness & Mutations

You are very small and have problems with some larger weapons.
You are too small for most types of armour.
You have supernaturally acute eyesight. (SInv)
You cover ground extremely quickly. (Speed+++)


Message History

As you open the door, it creaks loudly! 4 scorpions come into view.
Unknown command.
You close the door.
You open the door. 2 wyverns come into view.
Found 243 gold pieces.
You close the door.
You open the door. 2 worms come into view.
Found 243 gold pieces.
There is an open door here.
You see here 243 gold pieces.
The helpless worm fails to defend itself.
You impale the worm!!
You kill the worm!
Your Stealth skill increases to level 5!
Your Spellcasting skill increases to level 3!
Your Hexes skill increases to level 4!
The helpless worm fails to defend itself.
You impale the worm!!
You kill the worm!
Your Short Blades skill increases to level 2!
You now have 243 gold pieces.
There is an open door here.
You open the door. 2 boulder beetles come into view.
Found 243 gold pieces.
As you close the door, it creaks loudly!
There is a staircase leading out of the dungeon here.
You open the door.
There is an open door here.
You see here 243 gold pieces.
The helpless wyvern fails to defend itself.
You impale the wyvern!!
The wyvern is almost dead.
The wyvern hisses angrily.
The wyvern bites you!
Ouch! That really hurt!
You die...

### ### ss
s. # .#s ##
##. #+###l#
#.B.##.##@#
#+.<.'##
#.B$##.##.#
##. #'###l#
# #..####
##..# #.##
+##


You could see a wyvern (wandering, unable to see you).

Vanquished Creatures
  2 worms (D)
2 creatures vanquished.

Notes
Turn   | Place    | Note
-------+----------+-------------------------------------------
     0 | D        | Groucho the Spriggan Enchanter began the quest for the Orb.
     0 | D        | Reached XP level 1. HP: 9/9 MP: 5/5
     3 | D        | Noticed a scorpion
     3 | D        | Noticed a scorpion
     3 | D        | Noticed a scorpion
     3 | D        | Noticed a scorpion
     6 | D        | Noticed a wyvern
     6 | D        | Noticed a wyvern
    13 | D        | Reached skill level 5 in Stealth
    20 | D        | Noticed a boulder beetle
    20 | D        | Noticed a boulder beetle
    27 | D        | Slain by a wyvern

Illustrated notes

Levels and vault maps discovered:
D:        the_violet_keep_of_menkaure [sprint2_stairs_cluster_1,
          sprint2_shoproom, sprint2_temple, sprint2_basic_supplies,
          sprint2_obstacle_2, sprint2_obstacle_4, sprint2_obstacle_3,
          sprint2_obstacle_7, sprint2_obstacle_1, sprint2_timed_cluster_1,
          sprint2_smallroom_cluster_1, sprint2_smallroom_final_cluster_1,
          sprint2_transparent_cluster_1, sprint2_second_timed_cluster_1,
          sprint2_sniper_area_1, sprint2_heavy_combat_area_1,
          sprint2_mutation_trap_area_1, sprint2_forest_area_1,
          sprint2_light_combat_area_1, sprint2_behind_water_1,
          sprint2_near_end_vault_1]

Skill      XL: |  1 |
---------------+----+-----
Stealth        | 5 |  5.8
Spellcasting   | 3 |  3.3
Hexes          | 4 |  4.1
Short Blades   | 2 |  2.0
Dodging        | |  2.6

Action                   || total
-------------------------++-------
Melee: Dagger            ||     3
  Use: Potion            ||     2
 Stab: Sleeping          ||     3
